Map: Aura de mort EC

Players

Ziggy

  • Race: Terran Terran
  • Spawn Location: 11:00

ShaDoWn - Winner!

  • Race: Protoss Protoss
  • League: Master
  • Spawn Location: 5:00

Event: DreamHack SC2 Masters 2020 Winter

VOD

Have the link to the VOD?

Description

Time

  • Played on: Nov. 1, 2020, 10:24 a.m.
  • Length: 6:05

All games in this series

Show
View Real Time Build Order
Export as new Build Order

Ziggy Terran 

Build Orders: 1/1/1 

Get SALT Encoding   

  12  0:00  SCV  
  13  0:13  SCV  
  14  0:17  Supply Depot  
  14  0:25  SCV  
  15  0:38  SCV  
  15  0:39  Barracks  
  16  0:43  Refinery  
  16  0:50  SCV  
  16  0:53  Refinery  
  17  1:02  SCV  
  18  1:06  Supply Depot  
  18  1:15  SCV  
  19  1:26  Marine  
  19  1:28  Orbital Command  
  20  1:43  Factory  
  20  1:55  SCV, Barracks Reactor  
  21  2:07  SCV  
  22  2:19  SCV  
  22  2:21  Supply Depot  
  23  2:27  Starport, Widow Mine  
  25  2:31  Marine, SCV  
  25  2:32  Marine  
  28  2:44  Armory, SCV  
  28  2:50  Widow Mine  
  31  2:53  Marine  
  31  2:55  Marine  
  31  2:58  SCV  
  34  3:05  Medivac  
  36  3:12  Widow Mine  
  38  3:15  Supply Depot  
  38  3:17  Marine  
  39  3:34  Factory Tech Lab  
  39  3:36  Marine x2, Supply Depot  
  41  3:45  SCV  
  42  3:54  Marine x2  
  43  3:57  Thor  
  43  3:59  Medivac  
  51  4:05  Supply Depot  
  51  4:12  Marine x2  
  53  4:27  Engineering Bay  
  53  4:29  Marine x2  
  49  4:40  Thor  
  53  4:49  Marine x2  
  55  4:54  Missile Turret  
  58  5:07  Marine  
  58  5:08  Marine  
  58  5:11  SCV  
  59  5:23  SCV  
  63  5:32  Bunker  
  63  5:43  Marine  
  63  5:44  Marine  
Show
View Real Time Build Order
Export as new Build Order

ShaDoWn Protoss - Winner!

Build Orders: 1 Gate Expand, Oracle Opening, Phoenix Opening 

Get SALT Encoding   

  12  0:00  Probe  
  13  0:12  Probe  
  14  0:17  Pylon  
  14  0:24  Probe  
  15  0:35  Gateway  
  15  0:36  Probe (Chrono Boost)  
  16  0:46  Assimilator, Probe (Chrono Boost)  
  17  0:51  Probe (Chrono Boost)  
  18  1:03  Probe  
  19  1:15  Probe  
  20  1:21  Nexus  
  20  1:31  Cybernetics Core  
  20  1:34  Probe  
  21  1:40  Assimilator  
  21  1:46  Probe  
  22  1:49  Pylon  
  22  1:58  Probe  
  23  2:06  Adept (Chrono Boost)  
  25  2:11  Probe  
  25  2:15  Stargate  
  26  2:23  Probe (Chrono Boost)  
  26  2:27  Adept  
  29  2:33  Probe (Chrono Boost)  
  29  2:37  Shield Battery  
  31  2:41  Probe (Chrono Boost)  
  31  2:43  Probe (Chrono Boost)  
  32  2:47  Probe (Chrono Boost)  
  32  2:48  Probe (Chrono Boost)  
  34  2:55  Oracle (Chrono Boost)  
  37  2:59  Probe  
  37  3:01  Adept  
  37  3:02  Probe  
  41  3:11  Probe  
  41  3:12  Warp Gate, Pylon  
  42  3:14  Probe  
  43  3:23  Probe  
  43  3:25  Phoenix (Chrono Boost)  
  46  3:30  Probe  
  46  3:31  Adept  
  49  3:35  Probe  
  49  3:39  Pylon  
  50  3:45  Phoenix (Chrono Boost)  
  50  3:47  Probe  
  54  3:55  Probe  
  54  3:58  Shield Battery  
  54  4:02  Gateway  
  54  4:03  Phoenix  
  54  4:06  Adept  
  54  4:08  Probe  
  59  4:10  Pylon  
  57  4:31  Probe  
  57  4:34  Probe  
  59  4:40  Assimilator  
  59  4:43  Probe  
  59  4:45  Robotics Facility  
  60  4:46  Probe  
  60  4:48  Assimilator  
  61  4:53  Pylon  
  61  4:55  Probe  
  61  4:56  Gateway  
  61  4:58  Pylon, Probe  
  63  5:01  Adept x2  
  67  5:17  Pylon  
  67  5:22  Gateway  
  67  5:24  Adept, Sentry  
  67  5:25  Phoenix (Chrono Boost)  
  73  5:30  Immortal (Chrono Boost)  
  77  5:42  Pylon  
  77  5:48  Stalker x2  
Tags
 
Add a new tag
Caveats
  • Supply blocks, unpowered buildings, or Contaminate may cause inaccurate times.
  • Supply counts are checked every 10 seconds.